Blues vs Rangers
Created - November 26, 2022 at 21:59
Goals
|
| Blues |
1 |
1 |
1 |
3 |
| Rangers |
1 |
2 |
3 |
6 |
|
Shots
|
| Blues |
12 |
14 |
3 |
29 |
| Rangers |
13 |
12 |
10 |
35 |
|
1st period
1. Blues , Nikolaj Ehlers 3 (Seth Jones 4, Nathan MacKinnon 6) at 3:42
2. Rangers , Ryan Strome 5 (Sean Couturier 9, Milan Lucic 7) at 17:01
Penalties :
No Penalty
2nd period
3. Blues , Nathan MacKinnon 2 (Nikolaj Ehlers 4) at 0:24
4. Rangers , Milan Lucic 7 (Sean Couturier 10) at 0:50 (PP)
5. Rangers , Maxime Sauvé 1 (Richard Panik 4, T.J Galiardi 2) at 19:32
Penalties :
Alex Pietrangelo (Stl) for Roughing (Minor) at 0:48, Filip Forsberg (Stl) for Tripping (Minor) at 3:31, Henrik Samuelsson (NyR) for Goalie Interference (Minor) at 8:16, Ryan Strome (NyR) for Holding (Minor) at 16:08
3rd period
6. Rangers , Henrik Samuelsson 4 (Devante Smith-Pelly 3, Ryan Dzingel 3) at 1:01
7. Blues , David Perron 4 (Nathan MacKinnon 7, Seth Jones 5) at 1:39
8. Rangers , Devante Smith-Pelly 5 (Dmitry Kulikov 3) at 14:51
9. Rangers , T.J Galiardi 3 (Cale Makar 15, Luke Schenn 7) at 18:38
Penalties :
Luke Schenn (NyR) for Roughing (Minor) at 2:15, Filip Forsberg (Stl) for Interference (Minor) at 7:43, Magnus Paajarvi (NyR) for Holding (Minor) at 11:42
Goalie Stats
Carey Price (Stl), 29 saves from 35 shots - (0.829), L, 5-3-1, 60:00 minutes
Samuel Montembeault (NyR), 26 saves from 29 shots - (0.897), W, 1-1-2, 60:00 minutes
Players Stats for Blues
Player Name G A P +/- PIM S H SB GA TA FO MP PP MP PK MP
------------------------------------------------------------------------------------
Alex Pietrangelo 0 0 0 -2 2 7 0 2 1 0 0/0 24:13 4:27 0:00
Brandon Montour 0 0 0 -1 0 0 0 2 0 1 0/0 19:44 3:29 1:54
Cody Ceci 0 0 0 -2 0 1 0 3 0 0 0/0 20:35 0:00 2:06
David Perron 1 0 1 2 0 2 3 1 0 1 1/2 17:09 3:34 0:41
Devin Setoguchi 0 0 0 -1 0 1 2 0 0 0 0/0 9:16 0:05 0:00
Devin Shore 0 0 0 -1 0 0 2 0 0 0 1/3 10:01 0:02 0:42
Drew Shore 0 0 0 -2 0 2 0 0 0 0 4/11 10:52 0:00 2:13
Filip Forsberg 0 0 0 -1 4 4 0 0 2 0 2/4 21:38 4:20 0:00
Jacob Slavin 0 0 0 1 0 1 1 3 0 1 0/0 21:51 4:27 1:54
Martin Marincin 0 0 0 -1 0 0 0 0 0 1 0/0 13:03 0:00 2:06
Matt Martin 0 0 0 -1 0 1 0 0 0 0 1/1 8:41 0:00 0:00
Nathan MacKinnon 1 2 3 2 0 2 1 0 1 0 6/12 16:28 3:34 0:00
Nick Schmaltz 0 0 0 -2 0 1 1 0 0 0 0/0 9:11 0:02 0:00
Nikolaj Ehlers 1 1 2 2 0 2 1 0 0 0 0/0 16:28 3:34 0:00
Samuel Morin 0 0 0 -2 0 1 0 0 0 0 0/0 9:49 0:00 1:05
Seth Jones 0 2 2 1 0 2 0 1 0 2 0/0 20:33 3:29 0:00
Tyler Johnson 0 0 0 -1 0 1 1 1 2 0 1/1 23:49 4:20 2:14
Tyler Seguin 0 0 0 -1 0 1 0 0 1 0 15/31 22:36 4:17 1:05
Players Stats for Rangers
Player Name G A P +/- PIM S H SB GA TA FO MP PP MP PK MP
------------------------------------------------------------------------------------
Cale Makar 0 1 1 2 0 1 1 0 1 1 0/0 17:43 2:29 0:58
Devante Smith-Pelly 1 1 2 2 0 4 1 0 1 0 0/0 14:53 1:44 1:31
Dmitry Kulikov 0 1 1 -2 0 2 1 2 0 0 0/0 22:16 1:31 2:51
Henrik Samuelsson 1 0 1 2 2 1 1 0 0 0 3/7 11:10 0:00 0:00
Luke Schenn 0 1 1 1 2 1 1 0 0 2 0/0 23:10 2:29 4:03
Magnus Paajarvi 0 0 0 -1 2 2 4 0 0 0 0/0 15:59 1:44 1:09
Maxime Sauvé 1 0 1 1 0 1 1 0 0 0 6/11 13:00 0:00 4:17
Mikhail Sergachev 0 0 0 2 0 1 1 0 1 0 0/0 18:32 0:00 2:26
Milan Lucic 1 1 2 0 0 4 0 0 1 0 1/3 17:34 1:56 0:13
Patrik Nemeth 0 0 0 2 0 1 0 0 1 0 0/0 20:59 0:00 5:05
Richard Panik 0 1 1 1 0 2 3 0 0 0 0/1 10:53 0:20 2:14
Ryan Dzingel 0 1 1 2 0 1 2 0 0 0 0/0 11:35 0:20 0:00
Ryan Strome 1 0 1 0 2 3 1 0 0 1 1/2 17:22 1:56 0:00
Sean Couturier 0 2 2 0 0 4 2 0 1 1 12/19 19:39 1:56 2:17
Stefan Noesen 0 0 0 -1 0 2 1 0 0 0 0/0 13:04 0:20 0:00
T.J Galiardi 1 1 2 1 0 2 0 0 0 0 0/0 12:27 0:00 4:11
Tomas Hertl 0 0 0 -1 0 2 2 1 0 0 11/22 14:23 1:44 0:00
Vince Dunn 0 0 0 -1 0 1 3 0 0 2 0/0 17:20 1:31 0:29
3 Stars
1 - Devante Smith-Pelly (NyR)
2 - Nathan MacKinnon (Stl)
3 - T.J Galiardi (NyR)
Power Play
Blues - 0 on 5 Attempt(s) - 0.00%
Rangers - 1 on 3 Attempt(s) - 33.33%
Penalty Kill
Blues - 2 on 3 Attempt(s) - 66.67%
- Score 0 goal in Penalty Kill
Rangers - 5 on 5 Attempt(s) - 100.00%
- Score 0 goal in Penalty Kill
Team Stat
Blues - Hits : 12 - Faceoff Wins : 31 - Blocked Shots : 13 - Penalty Minutes : 6
Rangers - Hits : 25 - Faceoff Wins : 34 - Blocked Shots : 3 - Penalty Minutes : 8
Official
Referees : Francis Charron and Chris Lee
Linesman : Bryan Pancich and Vaughan Rody
Game Notes
9:05 of 1st period - Penalty Shot by Milan Lucic for Rangers - Stopped by Carey Price
Finance
Level 1 -- Attendance: 5902 (98.37%) -- Ticket Income $590,200
Level 2 -- Attendance: 5000 (100.00%) -- Ticket Income $300,000
Level 3 -- Attendance: 1881 (94.05%) -- Ticket Income $65,835
Level 4 -- Attendance: 4000 (100.00%) -- Ticket Income $100,000
Luxury Box -- Attendance: 1000 (100.00%) -- Ticket Income $200,000
Game was played at the Madison Square Garden.
Total Attendance: 17783 (98.79%)
Total Ticket Income: $1,256,035
Other Income: $188,405
Total Income: $1,444,440
Blues
5 vs 5 Forward
Center Left Wing Right Wing Time % Phy DF OF
1 Tyler Seguin Filip Forsberg Tyler Johnson 40 1 2 2
2 Nathan MacKinnon David Perron Nikolaj Ehlers 30 1 2 2
3 Devin Shore Matt Martin Devin Setoguchi 20 1 2 2
4 Drew Shore Samuel Morin Nick Schmaltz 10 1 2 2
5 vs 5 Defense
Defense Defense Time % Phy DF OF
1 Alex Pietrangelo Cody Ceci 40 1 2 2
2 Jacob Slavin Seth Jones 30 1 2 2
3 Martin Marincin Brandon Montour 20 1 2 2
4 Seth Jones Brandon Montour 10 1 2 2
PowerPlay Forward
Center Left Wing Right Wing Time % Phy DF OF
1 Tyler Seguin Filip Forsberg Tyler Johnson 60 1 2 2
2 Nathan MacKinnon David Perron Nikolaj Ehlers 40 1 2 2
PowerPlay Defense
Defense Defense Time % Phy DF OF
1 Alex Pietrangelo Jacob Slavin 60 1 2 2
2 Brandon Montour Seth Jones 40 1 2 2
Penalty Kill 4 Players Forward
Center Wing Time % Phy DF OF
1 Drew Shore Tyler Johnson 60 1 2 2
2 Tyler Seguin Samuel Morin 40 1 2 2
Penalty Kill 4 Players Defense
Defense Defense Time % Phy DF OF
1 Cody Ceci Martin Marincin 60 1 2 2
2 Jacob Slavin Brandon Montour 40 1 2 2
Penalty Kill - 3 Players Forward
Forward Time % Phy DF OF
1 Tyler Seguin 60 1 2 2
2 Drew Shore 40 1 2 2
Penalty Kill - 3 Players Defense
Defense Defense Time % Phy DF OF
1 Cody Ceci Martin Marincin 60 1 2 2
2 Seth Jones Brandon Montour 40 1 2 2
4 vs 4 Forward
Center Wing Time % Phy DF OF
1 Tyler Seguin Filip Forsberg 60 1 2 2
2 Nathan MacKinnon Tyler Johnson 40 1 2 2
4 vs 4 Defense
Defense Defense Time % Phy DF OF
1 Alex Pietrangelo Cody Ceci 60 1 2 2
2 Brandon Montour Seth Jones 40 1 2 2
Last Minutes Offensive
Center Left Wing Right Wing Defense Defense
Tyler Seguin Filip Forsberg Tyler Johnson Alex Pietrangelo Seth Jones
Last Minutes Defensive
Center Left Wing Right Wing Defense Defense
Drew Shore Samuel Morin Tyler Johnson Cody Ceci Martin Marincin
Goaltenders
Starting : Carey Price
Backup : Joonas Korpisalo
Extra Forwards
Normal : Nikolaj Ehlers, Devin Shore, Nick Schmaltz - PP : Devin Setoguchi, Devin Shore - PK : Tyler Johnson
Extra Defensemen
Normal : Martin Marincin, Brandon Montour, Jacob Slavin - PP : Brandon Montour - PK : Alex Pietrangelo, Brandon Montour
Penalty Shots
David Perron, Tyler Seguin, Matt Martin, Filip Forsberg, Devin Shore
Scratches
Linus Omark (Healthy), Patrick Kaleta (Healthy)
Rangers
5 vs 5 Forward
Center Left Wing Right Wing Time % Phy DF OF
1 Sean Couturier Milan Lucic Ryan Strome 35 1 2 2
2 Tomas Hertl Magnus Paajarvi Stefan Noesen 30 1 2 2
3 Henrik Samuelsson Ryan Dzingel Devante Smith-Pelly 20 1 2 2
4 Maxime Sauvé T.J Galiardi Richard Panik 15 1 2 2
5 vs 5 Defense
Defense Defense Time % Phy DF OF
1 Luke Schenn Cale Makar 30 1 2 2
2 Dmitry Kulikov Vince Dunn 30 1 2 2
3 Patrik Nemeth Mikhail Sergachev 30 1 2 2
4 Luke Schenn Dmitry Kulikov 10 1 2 2
PowerPlay Forward
Center Left Wing Right Wing Time % Phy DF OF
1 Sean Couturier Milan Lucic Ryan Strome 60 1 1 3
2 Tomas Hertl Magnus Paajarvi Devante Smith-Pelly 40 1 1 3
PowerPlay Defense
Defense Defense Time % Phy DF OF
1 Luke Schenn Cale Makar 60 1 1 3
2 Dmitry Kulikov Vince Dunn 40 1 1 3
Penalty Kill 4 Players Forward
Center Wing Time % Phy DF OF
1 Maxime Sauvé T.J Galiardi 60 1 3 1
2 Sean Couturier Richard Panik 40 1 3 1
Penalty Kill 4 Players Defense
Defense Defense Time % Phy DF OF
1 Luke Schenn Patrik Nemeth 60 1 3 1
2 Dmitry Kulikov Mikhail Sergachev 40 1 3 1
Penalty Kill - 3 Players Forward
Forward Time % Phy DF OF
1 Maxime Sauvé 60 1 3 1
2 Sean Couturier 40 1 3 1
Penalty Kill - 3 Players Defense
Defense Defense Time % Phy DF OF
1 Luke Schenn Patrik Nemeth 60 1 3 1
2 Dmitry Kulikov Mikhail Sergachev 40 1 2 2
4 vs 4 Forward
Center Wing Time % Phy DF OF
1 Henrik Samuelsson Stefan Noesen 60 1 2 2
2 Tomas Hertl Milan Lucic 40 1 2 2
4 vs 4 Defense
Defense Defense Time % Phy DF OF
1 Vince Dunn Mikhail Sergachev 60 1 2 2
2 Dmitry Kulikov Cale Makar 40 1 2 2
Last Minutes Offensive
Center Left Wing Right Wing Defense Defense
Sean Couturier Milan Lucic Ryan Strome Luke Schenn Dmitry Kulikov
Last Minutes Defensive
Center Left Wing Right Wing Defense Defense
Sean Couturier Milan Lucic Ryan Strome Luke Schenn Dmitry Kulikov
Goaltenders
Starting : Samuel Montembeault
Backup : Frederik Andersen
Extra Forwards
Normal : Devante Smith-Pelly, Richard Panik, T.J Galiardi - PP : Devante Smith-Pelly, Richard Panik - PK : Devante Smith-Pelly
Extra Defensemen
Normal : Vince Dunn, Luke Schenn, Mikhail Sergachev - PP : Cale Makar - PK : Cale Makar, Mikhail Sergachev
Penalty Shots
Milan Lucic, Sean Couturier, Tomas Hertl, Ryan Strome, Devante Smith-Pelly
Scratches
None
% Time on Ice - Blues
Lines # - Real PCT - Wanted PCT - Time Play
Normal Forward
1 - 37% - 40% - 17:45
2 - 27% - 30% - 12:59
3 - 18% - 20% - 8:41
4 - 18% - 10% - 8:39
Normal Defense
1 - 41% - 40% - 19:47
2 - 30% - 30% - 14:28
3 - 23% - 20% - 10:57
4 - 6% - 10% - 2:52
PP Forward
1 - 55% - 60% - 4:22
2 - 45% - 40% - 3:34
PP Defense
1 - 56% - 60% - 4:27
2 - 44% - 40% - 3:29
PK Forward
1 - 73% - 60% - 2:55
2 - 27% - 40% - 1:05
PK Defense
1 - 53% - 60% - 2:06
2 - 48% - 40% - 1:54
PK3 Forward
1 - 0% - 60%
2 - 0% - 40%
PK3 Defense
1 - 0% - 60%
2 - 0% - 40%
44 Forward
1 - 0% - 60%
2 - 0% - 40%
44 Defense
1 - 0% - 60%
2 - 0% - 40%
Last Minute Offensive - 0:00
Last Minute Defensive - 0:00
Total
Forward - 60:00
Defense - 60:00
|
% Time on Ice - Rangers
Lines # - Real PCT - Wanted PCT - Time Play
Normal Forward
1 - 33% - 35% - 16:01
2 - 26% - 30% - 12:39
3 - 23% - 20% - 11:10
4 - 17% - 15% - 8:14
Normal Defense
1 - 32% - 30% - 15:11
2 - 31% - 30% - 15:01
3 - 32% - 30% - 15:18
4 - 5% - 10% - 2:34
PP Forward
1 - 53% - 60% - 2:07
2 - 47% - 40% - 1:53
PP Defense
1 - 62% - 60% - 2:29
2 - 38% - 40% - 1:31
PK Forward
1 - 72% - 60% - 5:42
2 - 28% - 40% - 2:14
PK Defense
1 - 72% - 60% - 5:43
2 - 28% - 40% - 2:13
PK3 Forward
1 - 0% - 60%
2 - 0% - 40%
PK3 Defense
1 - 0% - 60%
2 - 0% - 40%
44 Forward
1 - 0% - 60%
2 - 0% - 40%
44 Defense
1 - 0% - 60%
2 - 0% - 40%
Last Minute Offensive - 0:00
Last Minute Defensive - 0:00
Total
Forward - 60:00
Defense - 60:00
|
Play-by-Play
1st period
0:01 of 1st period - Sean Couturier wins face-off versus Tyler Seguin in neutral zone.
0:04 of 1st period - Slapshot by Cale Makar.
0:04 of 1st period - Stopped by Carey Price with a rebound.
0:06 of 1st period - Wrist shot by Ryan Strome.
0:06 of 1st period - Shot Blocked by Alex Pietrangelo.
0:08 of 1st period - Wrist shot by Milan Lucic.
0:08 of 1st period - Shot Blocked by Cody Ceci.
0:10 of 1st period - Wrist shot by Milan Lucic.
0:10 of 1st period - Shot Hit the Post.
1:39 of 1st period - Icing by Nick Schmaltz.
1:40 of 1st period - Drew Shore wins face-off versus Sean Couturier in Blues zone.
1:47 of 1st period - Snap shot by Samuel Morin.
1:47 of 1st period - Stopped by Samuel Montembeault without a rebound.
1:48 of 1st period - Tomas Hertl wins face-off versus Nathan MacKinnon in Rangers zone.
2:25 of 1st period - Martin Marincin is hit by Henrik Samuelsson and loses puck.
3:02 of 1st period - Off-side.
3:03 of 1st period - Maxime Sauvé wins face-off versus Drew Shore in neutral zone.
3:38 of 1st period - Snap shot by Nathan MacKinnon.
3:38 of 1st period - Deflect By Dmitry Kulikov.
3:38 of 1st period - Stopped by Samuel Montembeault with a rebound.
3:40 of 1st period - Slapshot by Seth Jones.
3:40 of 1st period - Stopped by Samuel Montembeault with a rebound.
3:42 of 1st period - Wrist shot by Nikolaj Ehlers.
3:42 of 1st period - Goal by Nikolaj Ehlers - Blues : 1 - Rangers : 0.
3:43 of 1st period - Tyler Seguin wins face-off versus Tomas Hertl in neutral zone.
4:09 of 1st period - Alex Pietrangelo is hit by Ryan Strome and loses puck.
4:16 of 1st period - Slapshot by Milan Lucic.
4:16 of 1st period - Shot Blocked by Alex Pietrangelo.
4:18 of 1st period - Slapshot by Patrik Nemeth.
4:18 of 1st period - Stopped by Carey Price without a rebound.
4:19 of 1st period - Tyler Seguin wins face-off versus Henrik Samuelsson in Blues zone.
4:19 of 1st period - Tyler Seguin is hit by Ryan Dzingel.
5:09 of 1st period - Cody Ceci is hit by Magnus Paajarvi and loses puck.
5:45 of 1st period - Icing by Alex Pietrangelo.
5:46 of 1st period - Henrik Samuelsson wins face-off versus David Perron in Blues zone.
5:49 of 1st period - Snap shot by Devante Smith-Pelly.
5:49 of 1st period - Shot Misses the Net.
5:51 of 1st period - Snap shot by Ryan Strome.
5:51 of 1st period - Stopped by Carey Price with a rebound.
5:53 of 1st period - Snap shot by Ryan Strome.
5:53 of 1st period - Shot Misses the Net.
5:55 of 1st period - Snap shot by Milan Lucic.
5:55 of 1st period - Deflect By Sean Couturier.
5:55 of 1st period - Stopped by Carey Price without a rebound.
5:56 of 1st period - Tyler Seguin wins face-off versus Ryan Strome in Blues zone.
5:56 of 1st period - Tyler Seguin is hit by Vince Dunn.
6:56 of 1st period - Vince Dunn is hit by David Perron and loses puck.
8:15 of 1st period - Slapshot by Sean Couturier.
8:15 of 1st period - Stopped by Carey Price without a rebound.
8:16 of 1st period - Tyler Johnson wins face-off versus Sean Couturier in Blues zone.
8:27 of 1st period - Snap shot by Sean Couturier.
8:27 of 1st period - Deflect By Ryan Strome.
8:27 of 1st period - Shot Misses the Net.
8:27 of 1st period - Puck is out of play.
8:28 of 1st period - Tomas Hertl wins face-off versus Tyler Seguin in Blues zone.
8:35 of 1st period - Snap shot by Tomas Hertl.
8:35 of 1st period - Shot Misses the Net.
8:38 of 1st period - Icing by Cody Ceci.
8:39 of 1st period - Tyler Seguin wins face-off versus Tomas Hertl in Blues zone.
8:58 of 1st period - Wrist shot by Tyler Johnson.
8:58 of 1st period - Shot Misses the Net.
9:00 of 1st period - Slapshot by Alex Pietrangelo.
9:00 of 1st period - Deflect By Cale Makar.
9:00 of 1st period - Stopped by Samuel Montembeault with a rebound.
9:02 of 1st period - Snap shot by Tyler Johnson.
9:02 of 1st period - Stopped by Samuel Montembeault without a rebound.
9:03 of 1st period - Sean Couturier wins face-off versus Nathan MacKinnon in Rangers zone.
9:05 of 1st period - Penalty Shot by Milan Lucic for Rangers.
9:05 of 1st period - Backhand shot by Milan Lucic.
9:05 of 1st period - Stopped by Carey Price.
9:06 of 1st period - David Perron wins face-off versus Henrik Samuelsson in Rangers zone.
10:01 of 1st period - Slapshot by Alex Pietrangelo.
10:01 of 1st period - Stopped by Samuel Montembeault without a rebound.
10:02 of 1st period - Nathan MacKinnon wins face-off versus Tomas Hertl in Rangers zone.
10:38 of 1st period - Snap shot by Tyler Seguin.
10:38 of 1st period - Stopped by Samuel Montembeault with a rebound.
10:40 of 1st period - Slapshot by Cody Ceci.
10:40 of 1st period - Deflect By Patrik Nemeth.
10:40 of 1st period - Stopped by Samuel Montembeault with a rebound.
10:52 of 1st period - Slapshot by Alex Pietrangelo.
10:52 of 1st period - Stopped by Samuel Montembeault without a rebound.
10:53 of 1st period - Henrik Samuelsson wins face-off versus Devin Shore in Rangers zone.
12:25 of 1st period - Wrist shot by Matt Martin.
12:25 of 1st period - Shot Misses the Net.
12:27 of 1st period - Slapshot by Cody Ceci.
12:27 of 1st period - Shot Blocked by Tomas Hertl.
12:42 of 1st period - Snap shot by Alex Pietrangelo.
12:42 of 1st period - Stopped by Samuel Montembeault with a rebound.
13:15 of 1st period - Nick Schmaltz is hit by Vince Dunn and loses puck.
13:24 of 1st period - Snap shot by Henrik Samuelsson.
13:24 of 1st period - Shot Blocked by Jacob Slavin.
13:26 of 1st period - Snap shot by Devante Smith-Pelly.
13:26 of 1st period - Stopped by Carey Price without a rebound.
13:27 of 1st period - Tomas Hertl wins face-off versus Tyler Seguin in Blues zone.
13:30 of 1st period - Snap shot by Stefan Noesen.
13:30 of 1st period - Stopped by Carey Price without a rebound.
13:31 of 1st period - Tyler Seguin wins face-off versus Tomas Hertl in Blues zone.
13:31 of 1st period - Tyler Seguin is hit by Magnus Paajarvi.
13:49 of 1st period - Tyler Johnson is hit by Vince Dunn.
14:18 of 1st period - Icing by Jacob Slavin.
14:19 of 1st period - Henrik Samuelsson wins face-off versus Drew Shore in Blues zone.
15:07 of 1st period - Icing by Devante Smith-Pelly.
15:08 of 1st period - Sean Couturier wins face-off versus Tyler Seguin in Rangers zone.
15:24 of 1st period - Slapshot by Alex Pietrangelo.
15:24 of 1st period - Shot Misses the Net.
15:33 of 1st period - Off-side.
15:34 of 1st period - Tomas Hertl wins face-off versus Nathan MacKinnon in neutral zone.
15:59 of 1st period - T.J Galiardi is hit by Devin Setoguchi and loses puck.
16:08 of 1st period - Wrist shot by Richard Panik.
16:08 of 1st period - Shot Blocked by Seth Jones.
16:27 of 1st period - Off-side.
16:28 of 1st period - Sean Couturier wins face-off versus Tyler Seguin in neutral zone.
16:35 of 1st period - Snap shot by Sean Couturier.
16:35 of 1st period - Stopped by Carey Price without a rebound.
16:36 of 1st period - Sean Couturier wins face-off versus Filip Forsberg in Blues zone.
17:01 of 1st period - Slapshot by Ryan Strome.
17:01 of 1st period - Goal by Ryan Strome - Blues : 1 - Rangers : 1.
17:02 of 1st period - Tyler Seguin wins face-off versus Tomas Hertl in neutral zone.
17:46 of 1st period - Icing by Vince Dunn.
17:47 of 1st period - Matt Martin wins face-off versus Richard Panik in Rangers zone.
17:52 of 1st period - Slapshot by Matt Martin.
17:52 of 1st period - Shot Misses the Net.
17:54 of 1st period - Slapshot by Martin Marincin.
17:54 of 1st period - Deflect By Devin Setoguchi.
17:54 of 1st period - Stopped by Samuel Montembeault without a rebound.
17:55 of 1st period - Tomas Hertl wins face-off versus Tyler Seguin in Rangers zone.
18:20 of 1st period - Cody Ceci is hit by Richard Panik and loses puck.
19:30 of 1st period - Wrist shot by Tomas Hertl.
19:30 of 1st period - Stopped by Carey Price with a rebound.
19:34 of 1st period - Snap shot by Stefan Noesen.
19:34 of 1st period - Stopped by Carey Price with a rebound.
19:52 of 1st period - Wrist shot by Maxime Sauvé.
19:52 of 1st period - Shot Blocked by David Perron.
19:54 of 1st period - Snap shot by Vince Dunn.
19:54 of 1st period - Stopped by Carey Price with a rebound.
19:56 of 1st period - Slapshot by Dmitry Kulikov.
19:56 of 1st period - Stopped by Carey Price with a rebound.
Goals for this period are 1 for Blues vs 1 for Rangers.
Shots for this period are 12 for Blues vs 13 for Rangers.
2nd period
0:01 of 2nd period - Filip Forsberg wins face-off versus Tomas Hertl in neutral zone.
0:10 of 2nd period - Slapshot by Seth Jones.
0:10 of 2nd period - Shot Misses the Net.
0:12 of 2nd period - Wrist shot by Tyler Johnson.
0:12 of 2nd period - Shot Misses the Net.
0:14 of 2nd period - Slapshot by Filip Forsberg.
0:14 of 2nd period - Stopped by Samuel Montembeault without a rebound.
0:15 of 2nd period - Nathan MacKinnon wins face-off versus Sean Couturier in Rangers zone.
0:24 of 2nd period - Wrist shot by Nathan MacKinnon.
0:24 of 2nd period - Goal by Nathan MacKinnon - Blues : 2 - Rangers : 1.
0:25 of 2nd period - Tyler Seguin wins face-off versus Sean Couturier in neutral zone.
0:48 of 2nd period - Minor Penalty to Alex Pietrangelo for Roughing.
0:49 of 2nd period - Sean Couturier wins face-off versus Drew Shore in Blues zone.
0:50 of 2nd period - Wrist shot by Milan Lucic.
0:50 of 2nd period - Goal by Milan Lucic - Blues : 2 - Rangers : 2.
0:51 of 2nd period - Tomas Hertl wins face-off versus Nathan MacKinnon in neutral zone.
0:59 of 2nd period - Snap shot by Magnus Paajarvi.
0:59 of 2nd period - Shot Misses the Net.
1:09 of 2nd period - Magnus Paajarvi is hit by Nathan MacKinnon.
1:35 of 2nd period - Seth Jones is hit by Sean Couturier.
1:49 of 2nd period - Slapshot by Alex Pietrangelo.
1:49 of 2nd period - Stopped by Samuel Montembeault without a rebound.
1:50 of 2nd period - Drew Shore wins face-off versus Tomas Hertl in Rangers zone.
1:59 of 2nd period - Snap shot by Drew Shore.
1:59 of 2nd period - Deflect By Nick Schmaltz.
1:59 of 2nd period - Stopped by Samuel Montembeault without a rebound.
2:00 of 2nd period - Devin Shore wins face-off versus Tomas Hertl in Rangers zone.
2:01 of 2nd period - Wrist shot by Alex Pietrangelo.
2:01 of 2nd period - Shot Misses the Net.
2:03 of 2nd period - Slapshot by Matt Martin.
2:03 of 2nd period - Stopped by Samuel Montembeault with a rebound.
2:05 of 2nd period - Wrist shot by Alex Pietrangelo.
2:05 of 2nd period - Stopped by Samuel Montembeault with a rebound.
2:13 of 2nd period - Backhand shot by Alex Pietrangelo.
2:13 of 2nd period - Stopped by Samuel Montembeault with a rebound.
2:15 of 2nd period - Slapshot by Matt Martin.
2:15 of 2nd period - Shot Misses the Net.
3:17 of 2nd period - Slapshot by Drew Shore.
3:17 of 2nd period - Stopped by Samuel Montembeault without a rebound.
3:18 of 2nd period - Tomas Hertl wins face-off versus Devin Shore in Rangers zone.
3:18 of 2nd period - Tomas Hertl is hit by Devin Shore.
3:26 of 2nd period - Snap shot by Tomas Hertl.
3:26 of 2nd period - Stopped by Carey Price with a rebound.
3:28 of 2nd period - Slapshot by Magnus Paajarvi.
3:28 of 2nd period - Stopped by Carey Price without a rebound.
3:29 of 2nd period - Tyler Seguin wins face-off versus Sean Couturier in Blues zone.
3:31 of 2nd period - Minor Penalty to Filip Forsberg for Tripping.
3:32 of 2nd period - Sean Couturier wins face-off versus Drew Shore in Blues zone.
3:56 of 2nd period - Cody Ceci is hit by Sean Couturier and loses puck.
4:46 of 2nd period - Snap shot by Cale Makar.
4:46 of 2nd period - Shot Misses the Net.
4:48 of 2nd period - Slapshot by Devante Smith-Pelly.
4:48 of 2nd period - Stopped by Carey Price without a rebound.
4:49 of 2nd period - Tomas Hertl wins face-off versus Drew Shore in Blues zone.
5:10 of 2nd period - Tyler Johnson is hit by Dmitry Kulikov and loses puck.
5:31 of 2nd period - Penalty to Filip Forsberg is over, Filip Forsberg is back on ice.
5:46 of 2nd period - Off-side.
5:47 of 2nd period - Nathan MacKinnon wins face-off versus Maxime Sauvé in neutral zone.
6:40 of 2nd period - Snap shot by Tomas Hertl.
6:40 of 2nd period - Shot Blocked by Jacob Slavin.
6:42 of 2nd period - Slapshot by Magnus Paajarvi.
6:42 of 2nd period - Stopped by Carey Price with a rebound.
6:44 of 2nd period - Slapshot by Patrik Nemeth.
6:44 of 2nd period - Shot Blocked by Jacob Slavin.
6:51 of 2nd period - Icing by Jacob Slavin.
6:52 of 2nd period - Sean Couturier wins face-off versus Tyler Seguin in Blues zone.
7:01 of 2nd period - Snap shot by Tyler Seguin.
7:01 of 2nd period - Shot Misses the Net.
7:03 of 2nd period - Slapshot by Jacob Slavin.
7:03 of 2nd period - Stopped by Samuel Montembeault with a rebound.
7:05 of 2nd period - Wrist shot by Tyler Johnson.
7:05 of 2nd period - Shot Blocked by Dmitry Kulikov.
7:07 of 2nd period - Slapshot by Seth Jones.
7:07 of 2nd period - Stopped by Samuel Montembeault without a rebound.
7:08 of 2nd period - Tomas Hertl wins face-off versus Nathan MacKinnon in Rangers zone.
7:08 of 2nd period - Tomas Hertl is hit by David Perron.
7:43 of 2nd period - Slapshot by Alex Pietrangelo.
7:43 of 2nd period - Shot Misses the Net.
7:52 of 2nd period - Icing by Cody Ceci.
7:53 of 2nd period - Tyler Seguin wins face-off versus Henrik Samuelsson in Blues zone.
8:16 of 2nd period - Minor Penalty to Henrik Samuelsson for Goalie Interference.
8:17 of 2nd period - Maxime Sauvé wins face-off versus Tyler Seguin in Rangers zone.
10:02 of 2nd period - Luke Schenn is hit by Nikolaj Ehlers and loses puck.
10:16 of 2nd period - Penalty to Henrik Samuelsson is over, Henrik Samuelsson is back on ice.
10:39 of 2nd period - Slapshot by Devante Smith-Pelly.
10:39 of 2nd period - Shot Misses the Net.
10:51 of 2nd period - Stefan Noesen is hit by Nick Schmaltz and loses puck.
12:33 of 2nd period - Off-side.
12:34 of 2nd period - Nathan MacKinnon wins face-off versus Maxime Sauvé in neutral zone.
12:48 of 2nd period - Icing by Richard Panik.
12:49 of 2nd period - Tyler Seguin wins face-off versus Maxime Sauvé in Rangers zone.
12:58 of 2nd period - Snap shot by Filip Forsberg.
12:58 of 2nd period - Stopped by Samuel Montembeault with a rebound.
13:26 of 2nd period - Snap shot by Nikolaj Ehlers.
13:26 of 2nd period - Stopped by Samuel Montembeault with a rebound.
13:40 of 2nd period - Jacob Slavin is hit by Magnus Paajarvi and loses puck.
15:11 of 2nd period - Snap shot by Drew Shore.
15:11 of 2nd period - Stopped by Samuel Montembeault without a rebound.
15:12 of 2nd period - Sean Couturier wins face-off versus Drew Shore in Rangers zone.
15:19 of 2nd period - Snap shot by Luke Schenn.
15:19 of 2nd period - Stopped by Carey Price with a rebound.
15:39 of 2nd period - Alex Pietrangelo is hit by Richard Panik and loses puck.
15:51 of 2nd period - Icing by Alex Pietrangelo.
15:52 of 2nd period - Sean Couturier wins face-off versus Drew Shore in Blues zone.
15:53 of 2nd period - Slapshot by Milan Lucic.
15:53 of 2nd period - Shot Blocked by Cody Ceci.
15:55 of 2nd period - Slapshot by Ryan Strome.
15:55 of 2nd period - Stopped by Carey Price with a rebound.
16:01 of 2nd period - Slapshot by Milan Lucic.
16:01 of 2nd period - Shot Misses the Net.
16:03 of 2nd period - Snap shot by Milan Lucic.
16:03 of 2nd period - Stopped by Carey Price without a rebound.
16:04 of 2nd period - Tyler Seguin wins face-off versus Milan Lucic in Blues zone.
16:08 of 2nd period - Minor Penalty to Ryan Strome for Holding.
16:09 of 2nd period - Maxime Sauvé wins face-off versus Filip Forsberg in Rangers zone.
16:23 of 2nd period - Icing by Tyler Seguin.
16:24 of 2nd period - Maxime Sauvé wins face-off versus Tyler Seguin in Blues zone.
16:29 of 2nd period - Wrist shot by T.J Galiardi.
16:29 of 2nd period - Stopped by Carey Price with a rebound.
17:22 of 2nd period - Nathan MacKinnon is hit by Mikhail Sergachev and loses puck.
18:08 of 2nd period - Penalty to Ryan Strome is over, Ryan Strome is back on ice.
18:27 of 2nd period - Jacob Slavin is hit by Tomas Hertl and loses puck.
18:52 of 2nd period - Slapshot by Drew Shore.
18:52 of 2nd period - Shot Blocked by Dmitry Kulikov.
19:24 of 2nd period - Snap shot by Richard Panik.
19:24 of 2nd period - Stopped by Carey Price with a rebound.
19:26 of 2nd period - Wrist shot by T.J Galiardi.
19:26 of 2nd period - Shot Misses the Net.
19:30 of 2nd period - Slapshot by Richard Panik.
19:30 of 2nd period - Stopped by Carey Price with a rebound.
19:32 of 2nd period - Snap shot by Maxime Sauvé.
19:32 of 2nd period - Goal by Maxime Sauvé - Blues : 2 - Rangers : 3.
19:33 of 2nd period - Tyler Seguin wins face-off versus Milan Lucic in neutral zone.
19:46 of 2nd period - Snap shot by Filip Forsberg.
19:46 of 2nd period - Stopped by Samuel Montembeault with a rebound.
Goals for this period are 1 for Blues vs 2 for Rangers.
Shots for this period are 14 for Blues vs 12 for Rangers.
3rd period
0:01 of 3rd period - Sean Couturier wins face-off versus Tyler Seguin in neutral zone.
0:59 of 3rd period - Snap shot by Henrik Samuelsson.
0:59 of 3rd period - Shot Blocked by Cody Ceci.
1:01 of 3rd period - Snap shot by Henrik Samuelsson.
1:01 of 3rd period - Goal by Henrik Samuelsson - Blues : 2 - Rangers : 4.
1:02 of 3rd period - Ryan Strome wins face-off versus Tyler Seguin in neutral zone.
1:39 of 3rd period - Snap shot by David Perron.
1:39 of 3rd period - Goal by David Perron - Blues : 3 - Rangers : 4.
1:40 of 3rd period - Milan Lucic wins face-off versus Tyler Seguin in neutral zone.
1:43 of 3rd period - Backhand shot by Cale Makar.
1:43 of 3rd period - Shot Blocked by Tyler Johnson.
1:45 of 3rd period - Snap shot by Milan Lucic.
1:45 of 3rd period - Stopped by Carey Price without a rebound.
1:46 of 3rd period - Sean Couturier wins face-off versus Tyler Seguin in Blues zone.
1:51 of 3rd period - Snap shot by Milan Lucic.
1:51 of 3rd period - Stopped by Carey Price without a rebound.
1:52 of 3rd period - Tomas Hertl wins face-off versus Tyler Seguin in Blues zone.
1:53 of 3rd period - Slapshot by Magnus Paajarvi.
1:53 of 3rd period - Shot Misses the Net.
2:15 of 3rd period - Minor Penalty to Luke Schenn for Roughing.
2:16 of 3rd period - Tyler Seguin wins face-off versus Maxime Sauvé in Rangers zone.
3:35 of 3rd period - Tyler Johnson is hit by Richard Panik and loses puck.
4:15 of 3rd period - Penalty to Luke Schenn is over, Luke Schenn is back on ice.
4:44 of 3rd period - Off-side.
4:45 of 3rd period - Drew Shore wins face-off versus Henrik Samuelsson in neutral zone.
5:23 of 3rd period - Backhand shot by Henrik Samuelsson.
5:23 of 3rd period - Deflect By Ryan Dzingel.
5:23 of 3rd period - Stopped by Carey Price without a rebound.
5:24 of 3rd period - Nathan MacKinnon wins face-off versus Sean Couturier in Blues zone.
5:51 of 3rd period - Tyler Seguin is hit by Tomas Hertl and loses puck.
6:28 of 3rd period - Wrist shot by Filip Forsberg.
6:28 of 3rd period - Stopped by Samuel Montembeault without a rebound.
6:29 of 3rd period - Nathan MacKinnon wins face-off versus Sean Couturier in Rangers zone.
7:11 of 3rd period - Slapshot by Milan Lucic.
7:11 of 3rd period - Shot Misses the Net.
7:33 of 3rd period - Snap shot by Sean Couturier.
7:33 of 3rd period - Stopped by Carey Price with a rebound.
7:35 of 3rd period - Slapshot by Sean Couturier.
7:35 of 3rd period - Shot Blocked by Brandon Montour.
7:37 of 3rd period - Wrist shot by Sean Couturier.
7:37 of 3rd period - Shot Blocked by Brandon Montour.
7:39 of 3rd period - Slapshot by Mikhail Sergachev.
7:39 of 3rd period - Stopped by Carey Price without a rebound.
7:40 of 3rd period - Tyler Seguin wins face-off versus Tomas Hertl in Blues zone.
7:40 of 3rd period - Tyler Seguin is hit by Magnus Paajarvi.
7:43 of 3rd period - Minor Penalty to Filip Forsberg for Interference.
7:44 of 3rd period - Drew Shore wins face-off versus Tomas Hertl in Blues zone.
8:24 of 3rd period - Brandon Montour is hit by Devante Smith-Pelly.
9:43 of 3rd period - Penalty to Filip Forsberg is over, Filip Forsberg is back on ice.
9:54 of 3rd period - Richard Panik is hit by Jacob Slavin and loses puck.
10:07 of 3rd period - Patrik Nemeth is hit by Devin Shore and loses puck.
10:24 of 3rd period - Wrist shot by T.J Galiardi.
10:24 of 3rd period - Shot Misses the Net.
11:04 of 3rd period - Samuel Morin is hit by Maxime Sauvé and loses puck.
11:29 of 3rd period - Patrik Nemeth is hit by David Perron and loses puck.
11:42 of 3rd period - Minor Penalty to Magnus Paajarvi for Holding.
11:43 of 3rd period - Filip Forsberg wins face-off versus Maxime Sauvé in Rangers zone.
12:19 of 3rd period - Snap shot by Nathan MacKinnon.
12:19 of 3rd period - Shot Misses the Net.
12:35 of 3rd period - Icing by Filip Forsberg.
12:36 of 3rd period - Maxime Sauvé wins face-off versus Tyler Seguin in Blues zone.
13:42 of 3rd period - Penalty to Magnus Paajarvi is over, Magnus Paajarvi is back on ice.
14:14 of 3rd period - Patrik Nemeth is hit by Devin Setoguchi and loses puck.
14:39 of 3rd period - Snap shot by David Perron.
14:39 of 3rd period - Shot Misses the Net.
14:49 of 3rd period - Snap shot by Devante Smith-Pelly.
14:49 of 3rd period - Stopped by Carey Price with a rebound.
14:51 of 3rd period - Wrist shot by Devante Smith-Pelly.
14:51 of 3rd period - Goal by Devante Smith-Pelly - Blues : 3 - Rangers : 5.
14:52 of 3rd period - Tomas Hertl wins face-off versus Tyler Seguin in neutral zone.
16:30 of 3rd period - Devin Shore is hit by Stefan Noesen and loses puck.
16:46 of 3rd period - Martin Marincin is hit by Luke Schenn and loses puck.
16:57 of 3rd period - Brandon Montour is hit by Ryan Dzingel and loses puck.
17:56 of 3rd period - Wrist shot by Magnus Paajarvi.
17:56 of 3rd period - Shot Misses the Net.
17:58 of 3rd period - Wrist shot by Dmitry Kulikov.
17:58 of 3rd period - Stopped by Carey Price with a rebound.
18:38 of 3rd period - Wrist shot by T.J Galiardi.
18:38 of 3rd period - Deflect By Seth Jones.
18:38 of 3rd period - Goal by T.J Galiardi - Blues : 3 - Rangers : 6.
18:39 of 3rd period - Tyler Seguin wins face-off versus Tomas Hertl in neutral zone.
18:52 of 3rd period - Tomas Hertl is hit by Tyler Johnson and loses puck.
18:59 of 3rd period - Filip Forsberg is hit by Cale Makar and loses puck.
19:57 of 3rd period - Slapshot by David Perron.
19:57 of 3rd period - Stopped by Samuel Montembeault without a rebound.
19:58 of 3rd period - Maxime Sauvé wins face-off versus Nathan MacKinnon in Rangers zone.
Goals for this period are 1 for Blues vs 3 for Rangers.
Shots for this period are 3 for Blues vs 10 for Rangers.